[Event "WJCC U20 Open 2019"]
[Site "New Delhi"]
[Date "2019.10.17"]
[Round "3.42"]
[White "Raahul V S"]
[Black "Maltezeanu, Stefan"]
[Result "0-1"]
[ECO "A20"]
[WhiteElo "2262"]
[BlackElo "2102"]
[Annotator "ChessBase"]
[PlyCount "82"]
[EventDate "2019.10.15"]
[EventType "swiss"]
[EventCountry "IND"]
[SourceTitle "playchess.com"]
[Source "ChessBase"]
[SourceQuality "1"]
[TimeControl "40/5400+30:1800+30"]

1. c4 e5 2. g3 Nf6 3. Bg2 d5 4. cxd5 Nxd5 5. Nc3 Nb6 6. Nf3 Nc6 7. O-O Be7 8. Rb1 Be6 9. b4 e4 10. Nxe4 Bxa2 11. Ra1 Bd5 12. Nc5 Nxb4 13. d4 O-O 14. Ba3 a5 15. Re1 Nc4 16. Bxb4 axb4 17. Rb1 Na3 18. Rb2 b6 19. e4 bxc5 20. exd5 c4 21. Ne5 c3 22. Rb3 c2 23. Qd3 Bd6 24. Nc6 Qg5 25. f4 Rfe8 26. Rc1 Qg6 27. Qxg6 hxg6 28. Bf1 Kh7 29. Bd3 Kh6 30. Kf2 f6 31. h4 f5 32. Ne5 Ra5 33. Nf7+ Kh7 34. Nxd6 cxd6 35. Rxb4 Rea8 36. h5 Ra4 37. Rb7 Rxd4 38. Ke3 Rxd5 39. h6 Re8+ 40. Kd2 Nc4+ 41. Kxc2 Rc8 0-1

[Event "WJCC U20 Open 2019"]
[Site "New Delhi"]
[Date "2019.10.17"]
[Round "3.43"]
[White "Tifferet, Shaked"]
[Black "Licheli, Luka"]
[Result "1-0"]
[ECO "B11"]
[WhiteElo "2224"]
[BlackElo "2010"]
[Annotator "ChessBase"]
[PlyCount "51"]
[EventDate "2019.10.15"]
[EventType "swiss"]
[EventCountry "IND"]
[SourceTitle "playchess.com"]
[Source "ChessBase"]
[SourceQuality "1"]
[TimeControl "40/5400+30:1800+30"]

1. e4 c6 2. Nc3 d5 3. Nf3 Bg4 4. h3 Bxf3 5. Qxf3 e6 6. Be2 g6 7. d4 Bg7 8. Be3 Ne7 9. O-O-O Nd7 10. g4 b5 11. exd5 exd5 12. Bd3 Qa5 13. Kb1 b4 14. Ne2 Rf8 15. Bg5 h6 16. Bh4 g5 17. Bg3 O-O-O 18. Bd6 Rde8 19. Nc1 Qb6 20. Nb3 Nf6 21. Nc5 Ng6 22. Qf5+ Kd8 23. Ba6 Ne7 24. Bxe7+ Kxe7 25. Qe5+ Kd8 26. Qd6+ {[%emt 0:00:05] Ng8} 1-0

[Event "WJCC U20 Open 2019"]
[Site "New Delhi"]
[Date "2019.10.17"]
[Round "3.44"]
[White "Zrikem, Nassim"]
[Black "Donoso Diaz, Sebastian"]
[Result "0-1"]
[ECO "D05"]
[WhiteElo "2125"]
[BlackElo "2203"]
[Annotator "ChessBase"]
[PlyCount "73"]
[EventDate "2019.10.15"]
[EventType "swiss"]
[EventCountry "IND"]
[SourceTitle "playchess.com"]
[Source "ChessBase"]
[SourceQuality "1"]
[TimeControl "40/5400+30:1800+30"]

1. d4 d5 2. Nf3 Nf6 3. e3 e6 4. Bd3 c5 5. Nbd2 Nc6 6. c3 Bd6 7. O-O O-O 8. dxc5 Bxc5 9. e4 Qc7 10. Qe2 h6 11. Bc2 Bb6 12. exd5 exd5 13. Nb3 Re8 14. Qd3 Bg4 15. Nfd4 Rac8 16. Bd1 Ne5 17. Qc2 Nc4 18. h3 Bd7 19. Bf3 Qe5 20. Bd2 Nxd2 21. Qxd2 Bc7 22. g3 Bxh3 23. Rfe1 Ne4 24. Qe2 Qg5 25. Bxe4 Rxe4 26. Qd2 Bf4 27. Qd3 Rce8 28. Re2 Rxe2 29. Nxe2 Bf5 30. Qb5 Bd7 31. Qxd7 Rxe2 32. Nd4 Rxb2 33. Nf3 Qg6 34. Nh4 Qc2 35. Qc8+ Kh7 36. Rf1 Bxg3 37. Qf5+ 0-1

[Event "WJCC U20 Open 2019"]
[Site "New Delhi"]
[Date "2019.10.17"]
[Round "3.45"]
[White "Aravena Navarro, Alexis Andres"]
[Black "Cansun, Can Alp"]
[Result "0-1"]
[ECO "B47"]
[WhiteElo "2023"]
[BlackElo "2199"]
[Annotator "ChessBase"]
[PlyCount "74"]
[EventDate "2019.10.15"]
[EventType "swiss"]
[EventCountry "IND"]
[SourceTitle "playchess.com"]
[Source "ChessBase"]
[SourceQuality "1"]
[TimeControl "40/5400+30:1800+30"]

1. e4 c5 2. Nf3 e6 3. d4 cxd4 4. Nxd4 Nc6 5. Nc3 Qc7 6. Qd3 a6 7. Nxc6 dxc6 8. Qg3 Qxg3 9. hxg3 e5 10. Na4 Be6 11. Be3 Nf6 12. f3 Nd7 13. O-O-O Be7 14. g4 O-O-O 15. b3 b5 16. Nb2 h6 17. c4 Kb7 18. Rh5 f6 19. Be2 Ba3 20. Kc2 Nb6 21. c5 Rxd1 22. Bxd1 Nd7 23. Nd3 a5 24. Kc3 Rd8 25. Rh1 Bf7 26. g3 Re8 27. Rh2 Nf8 28. Rd2 Kc7 29. f4 exf4 30. Bxf4+ Kc8 31. Bd6 Ne6 32. b4 Ng5 33. Rc2 axb4+ 34. Nxb4 Nxe4+ 35. Kd4 Bxb4 36. Bf3 Nxd6 37. cxd6 c5+ 0-1

[Event "WJCC U20 Open 2019"]
[Site "New Delhi"]
[Date "2019.10.17"]
[Round "4.1"]
[White "Santos Ruiz, Miguel"]
[Black "Shtembuliak, Evgeny"]
[Result "1/2-1/2"]
[ECO "B06"]
[WhiteElo "2560"]
[BlackElo "2577"]
[Annotator "ChessBase"]
[PlyCount "62"]
[EventDate "2019.10.15"]
[EventType "swiss"]
[EventCountry "IND"]
[SourceTitle "playchess.com"]
[Source "ChessBase"]
[SourceQuality "1"]
[TimeControl "40/5400+30:1800+30"]

1. d4 g6 2. e4 Bg7 3. Nc3 d6 4. Be3 a6 5. a4 Nf6 6. f3 Nc6 7. Nge2 e5 8. dxe5 dxe5 9. Qxd8+ Nxd8 10. Nc1 Be6 11. Nd3 Nd7 12. Nb4 Rc8 13. O-O-O f5 14. exf5 gxf5 15. Be2 h5 16. g3 Bf8 17. Nd3 Nc6 18. f4 e4 19. Nf2 Nf6 20. Nh3 Ng4 21. Bg1 Rh6 22. Ng5 Bg8 23. Nd5 Nb4 24. Nxb4 Bxb4 25. h3 Nf6 26. Bd4 Be7 27. g4 hxg4 28. hxg4 Rxh1 29. Rxh1 Nxg4 30. Rh8 Kd7 31. Nxe4 Bd5 1/2-1/2

[Event "WJCC U20 Open 2019"]
[Site "New Delhi"]
[Date "2019.10.17"]
[Round "4.3"]
[White "Sargsyan, Shant"]
[Black "Haria, Ravi"]
[Result "1/2-1/2"]
[ECO "D38"]
[WhiteElo "2580"]
[BlackElo "2463"]
[Annotator "ChessBase"]
[PlyCount "71"]
[EventDate "2019.10.15"]
[EventType "swiss"]
[EventCountry "IND"]
[SourceTitle "playchess.com"]
[Source "ChessBase"]
[SourceQuality "1"]
[TimeControl "40/5400+30:1800+30"]

1. d4 e6 2. Nf3 Nf6 3. c4 d5 4. Nc3 Bb4 5. Bg5 h6 6. Bxf6 Qxf6 7. e3 O-O 8. Qb3 c5 9. cxd5 exd5 10. dxc5 Bxc3+ 11. Qxc3 Qxc3+ 12. bxc3 Nd7 13. Rd1 Nxc5 14. Rxd5 b6 15. Rd4 Be6 16. c4 Rac8 17. Be2 Nb7 18. Nd2 Na5 19. O-O Rc7 20. f4 Rfc8 21. Rd1 g6 22. e4 Kf8 23. Kf2 Nc6 24. Rd6 Na5 25. e5 Nxc4 26. Nxc4 Bxc4 27. Bg4 Re8 28. Bd7 Re7 29. a4 Be6 30. Bc6 Rc8 31. Rd8+ Rxd8 32. Rxd8+ Kg7 33. Ke3 Rc7 34. Rd6 Kf8 35. h3 h5 36. Rd8+ 1/2-1/2

[Event "WJCC U20 Open 2019"]
[Site "New Delhi"]
[Date "2019.10.17"]
[Round "4.4"]
[White "Praggnanandhaa R"]
[Black "Batsuren, Dambasuren"]
[Result "1-0"]
[ECO "C77"]
[WhiteElo "2567"]
[BlackElo "2454"]
[Annotator "ChessBase"]
[PlyCount "87"]
[EventDate "2019.10.15"]
[EventType "swiss"]
[EventCountry "IND"]
[SourceTitle "playchess.com"]
[Source "ChessBase"]
[SourceQuality "1"]
[TimeControl "40/5400+30:1800+30"]

1. e4 e5 2. Nf3 Nc6 3. Bb5 a6 4. Ba4 Nf6 5. d3 d6 6. c4 g6 7. Nc3 Bg7 8. Nd5 h6 9. Nb4 Bd7 10. Nxc6 bxc6 11. c5 O-O 12. O-O Re8 13. Nd2 d5 14. Qc2 Re6 15. Nb3 Kh7 16. Bd2 Qe8 17. Rac1 Rd8 18. Ba5 Rc8 19. Rfe1 Qe7 20. Qd2 Qd8 21. Na1 h5 22. Nc2 Bh6 23. Qd1 Bxc1 24. Qxc1 Be8 25. Bc3 Rb8 26. b4 dxe4 27. dxe4 Nd7 28. Bb3 Re7 29. Qe3 Nf6 30. h3 Ng8 31. f4 exf4 32. Qxf4 a5 33. Nd4 axb4 34. Bb2 f6 35. Nf3 Rg7 36. e5 g5 37. Qc1 g4 38. exf6 gxf3 39. fxg7 Bg6 40. Re6 Qh4 41. Qe3 Bf5 42. Qxf3 Bxe6 43. Bc2+ Kh6 44. Qe3+ 1-0

[Event "WJCC U20 Open 2019"]
[Site "New Delhi"]
[Date "2019.10.17"]
[Round "4.5"]
[White "Iniyan, P."]
[Black "Agmanov, Zhandos"]
[Result "1/2-1/2"]
[ECO "E54"]
[WhiteElo "2509"]
[BlackElo "2403"]
[Annotator "ChessBase"]
[PlyCount "59"]
[EventDate "2019.10.15"]
[EventType "swiss"]
[EventCountry "IND"]
[SourceTitle "playchess.com"]
[Source "ChessBase"]
[SourceQuality "1"]
[TimeControl "40/5400+30:1800+30"]

1. d4 Nf6 2. c4 e6 3. Nc3 Bb4 4. e3 O-O 5. Bd3 d5 6. Nf3 dxc4 7. Bxc4 c5 8. O-O Nc6 9. a3 Ba5 10. h3 h6 11. Qd3 cxd4 12. exd4 Bc7 13. Rd1 b6 14. d5 exd5 15. Nxd5 Be6 16. Nxc7 Bxc4 17. Qc2 Qxc7 18. Qxc4 Rac8 19. Qa4 Na5 20. Bd2 Qc4 21. Qxc4 Nxc4 22. Bb4 Rfe8 23. b3 Ne5 24. Nxe5 Rxe5 25. Rac1 Rxc1 26. Rxc1 Rb5 27. Rb1 Ne4 28. Re1 Nf6 29. Rb1 Ne4 30. Re1 1/2-1/2

[Event "WJCC U20 Open 2019"]
[Site "New Delhi"]
[Date "2019.10.17"]
[Round "4.6"]
[White "Davtyan, Artur"]
[Black "Tabatabaei, M.amin"]
[Result "1/2-1/2"]
[ECO "D37"]
[WhiteElo "2418"]
[BlackElo "2642"]
[Annotator "RC"]
[PlyCount "77"]
[EventDate "2019.10.15"]
[EventType "swiss"]
[EventCountry "IND"]
[SourceTitle "playchess.com"]
[Source "ChessBase"]
[SourceQuality "1"]
[TimeControl "40/5400+30:1800+30"]

1. d4 Nf6 2. c4 e6 3. Nf3 d5 4. Nc3 Be7 5. g3 O-O 6. Bg2 dxc4 7. Ne5 c5 8. dxc5 Qxd1+ 9. Nxd1 Bxc5 10. O-O Nc6 11. Nxc6 bxc6 12. Be3 Bxe3 13. Nxe3 Ba6 14. Rfc1 Rab8 15. Rab1 c3 16. Rxc3 Bxe2 17. Rxc6 Rfd8 18. b3 g5 19. Re1 Rd2 20. Rc2 Rxc2 21. Nxc2 Bb5 22. Nd4 Be8 23. h3 Rc8 24. Re5 Rc1+ 25. Kh2 g4 26. Ra5 Rd1 27. Nc6 Rd2 28. Rxa7 Rxf2 29. Ne5 Re2 30. Ra5 h5 31. Kg1 gxh3 32. Bxh3 Kg7 33. Kf1 Re3 34. Kf2 Rc3 35. Bg2 Rc2+ 36. Kg1 Rc1+ 37. Kf2 Rc2+ 38. Kg1 Rc1+ 39. Kf2 1/2-1/2

[Event "WJCC U20 Open 2019"]
[Site "New Delhi"]
[Date "2019.10.17"]
[Round "4.7"]
[White "Kollars, Dmitrij"]
[Black "Sammed Jaykumar, Shete"]
[Result "1/2-1/2"]
[ECO "B31"]
[WhiteElo "2587"]
[BlackElo "2392"]
[Annotator "ChessBase"]
[PlyCount "100"]
[EventDate "2019.10.15"]
[EventType "swiss"]
[EventCountry "IND"]
[SourceTitle "playchess.com"]
[Source "ChessBase"]
[SourceQuality "1"]
[TimeControl "40/5400+30:1800+30"]

1. e4 c5 2. Nf3 Nc6 3. Bb5 g6 4. Bxc6 dxc6 5. d3 Bg7 6. h3 Nf6 7. Nc3 Nd7 8. Be3 e5 9. Qd2 h6 10. O-O b6 11. a4 a5 12. Nh2 Nf8 13. f4 exf4 14. Bxf4 Ne6 15. Be3 Nd4 16. Rae1 Be6 17. Nd1 c4 18. Nf2 Qe7 19. Bxd4 Bxd4 20. c3 Bxf2+ 21. Qxf2 cxd3 22. Qxb6 Qa7 23. Qxa7 Rxa7 24. Rf3 Rb7 25. Rxd3 Rxb2 26. Nf3 c5 27. Rd6 Ke7 28. Ra6 Rhb8 29. Rxa5 Rc2 30. Re3 Rb1+ 31. Kh2 Rbb2 32. Ne1 Re2 33. Rxe2 Rxe2 34. Nd3 c4 35. Ra7+ Kf6 36. Nf4 Re3 37. Nd5+ Bxd5 38. exd5 Rxc3 39. a5 Ra3 40. Rc7 Rxa5 41. Rxc4 Rxd5 42. h4 Kf5 43. Kh3 h5 44. g3 f6 45. Rc8 Rd2 46. Rf8 Rf2 47. Rg8 Rd2 48. Rf8 Ke6 49. Rg8 Kf7 50. Ra8 g5 1/2-1/2

[Event "WJCC U20 Open 2019"]
[Site "New Delhi"]
[Date "2019.10.17"]
[Round "4.8"]
[White "Percivaldi, Martin"]
[Black "Hakobyan, Aram"]
[Result "0-1"]
[ECO "D38"]
[WhiteElo "2391"]
[BlackElo "2561"]
[Annotator "ChessBase"]
[PlyCount "92"]
[EventDate "2019.10.15"]
[EventType "swiss"]
[EventCountry "IND"]
[SourceTitle "playchess.com"]
[Source "ChessBase"]
[SourceQuality "1"]
[TimeControl "40/5400+30:1800+30"]

1. d4 Nf6 2. c4 e6 3. Nf3 d5 4. Nc3 Bb4 5. Bg5 h6 6. Bxf6 Qxf6 7. Qa4+ Nc6 8. e3 O-O 9. Be2 Rd8 10. Qb3 Qf5 11. cxd5 exd5 12. a3 Ba5 13. O-O Ne7 14. Rfc1 c6 15. Qd1 Bc7 16. b4 a6 17. a4 g5 18. Ne1 g4 19. g3 h5 20. Ng2 Ng6 21. Bd3 Qf6 22. Ne2 Kg7 23. Qc2 Bd6 24. Rab1 Be6 25. b5 cxb5 26. axb5 a5 27. e4 dxe4 28. Bxe4 Rab8 29. Ne3 Ne7 30. d5 Bd7 31. Nc4 Nf5 32. Nxa5 Ba3 33. Rd1 Nd6 34. Bd3 Rbc8 35. Qa2 Bc5 36. Nf4 Rh8 37. Nb3 Bb6 38. Nd2 h4 39. Ne4 Nxe4 40. Bxe4 Rc3 41. Rd3 hxg3 42. hxg3 Rxd3 43. Bxd3 Qh6 44. Qb2+ f6 45. Be4 Bxb5 46. Ne6+ Kg8 0-1

[Event "WJCC U20 Open 2019"]
[Site "New Delhi"]
[Date "2019.10.17"]
[Round "4.9"]
[White "Aronyak Ghosh"]
[Black "Harsha Bharathakoti"]
[Result "1/2-1/2"]
[ECO "A10"]
[WhiteElo "2380"]
[BlackElo "2530"]
[Annotator "ChessBase"]
[PlyCount "69"]
[EventDate "2019.10.15"]
[EventType "swiss"]
[EventCountry "IND"]
[SourceTitle "playchess.com"]
[Source "ChessBase"]
[SourceQuality "1"]
[TimeControl "40/5400+30:1800+30"]

1. c4 g6 2. g3 Bg7 3. Bg2 d6 4. Nc3 Nf6 5. Nf3 O-O 6. O-O Nbd7 7. Rb1 e5 8. d3 Nc5 9. b4 Ne6 10. a4 a5 11. b5 Nd7 12. Ba3 f5 13. Nd2 h5 14. e3 e4 15. Qc2 exd3 16. Qxd3 Ne5 17. Qe2 h4 18. Nd5 hxg3 19. hxg3 g5 20. Nf3 Ng6 21. Qc2 b6 22. Rbd1 Bd7 23. Nd4 Nc5 24. Bh3 Qc8 25. Nc6 Rf7 26. Bxc5 bxc5 27. f4 gxf4 28. gxf4 Kf8 29. Kh2 Bxc6 30. bxc6 Ne7 31. Rg1 Rb8 32. Rd2 Nxd5 33. cxd5 Rb2 34. Qc1 Qb8 35. Rxb2 1/2-1/2

[Event "WJCC U20 Open 2019"]
[Site "New Delhi"]
[Date "2019.10.17"]
[Round "4.10"]
[White "Wang, Shixu B"]
[Black "Lobanov, Sergei"]
[Result "1-0"]
[ECO "E47"]
[WhiteElo "2370"]
[BlackElo "2516"]
[Annotator "ChessBase"]
[PlyCount "61"]
[EventDate "2019.10.15"]
[EventType "swiss"]
[EventCountry "IND"]
[SourceTitle "playchess.com"]
[Source "ChessBase"]
[SourceQuality "1"]
[TimeControl "40/5400+30:1800+30"]

1. d4 Nf6 2. c4 e6 3. Nc3 Bb4 4. e3 O-O 5. Bd3 Re8 6. Nf3 Bxc3+ 7. bxc3 d6 8. O-O Nc6 9. e4 e5 10. d5 Ne7 11. Nh4 Ng6 12. Nf5 Bxf5 13. exf5 Nf8 14. Bg5 N8d7 15. Bc2 Nb6 16. Rb1 Kh8 17. Re1 Rc8 18. a4 c6 19. a5 Nxc4 20. Rxb7 Re7 21. dxc6 Nxa5 22. Bxf6 gxf6 23. Rb4 Re8 24. Qh5 Rg8 25. Re3 Rg5 26. Qh6 Qg8 27. Qxf6+ Qg7 28. Qxg7+ Kxg7 29. h4 Rh5 30. g4 Rxh4 31. f6+ 1-0

[Event "WJCC U20 Open 2019"]
[Site "New Delhi"]
[Date "2019.10.17"]
[Round "4.11"]
[White "Kuybokarov, Temur"]
[Black "Amartuvshin, Ganzorig"]
[Result "0-1"]
[ECO "B46"]
[WhiteElo "2501"]
[BlackElo "2391"]
[Annotator "ChessBase"]
[PlyCount "100"]
[EventDate "2019.10.15"]
[EventType "swiss"]
[EventCountry "IND"]
[SourceTitle "playchess.com"]
[Source "ChessBase"]
[SourceQuality "1"]
[TimeControl "40/5400+30:1800+30"]

1. e4 c5 2. Nf3 e6 3. d4 cxd4 4. Nxd4 Nc6 5. Nc3 a6 6. Nxc6 bxc6 7. Qd3 d5 8. Qg3 Nf6 9. Be2 d4 10. e5 Nd7 11. Ne4 Qa5+ 12. c3 dxc3 13. Nxc3 Nxe5 14. Bd2 Ng6 15. Nb5 Bb4 16. Nc7+ Ke7 17. Nxa8 Bxd2+ 18. Kf1 Nf4 19. Rd1 Rd8 20. Qb3 Nxe2 21. Kxe2 Qe5+ 22. Kf1 Ba5 23. Qa3+ c5 24. Rc1 Bb4 25. Qg3 Qh5 26. Qf3 Qg5 27. Qe3 Qxe3 28. fxe3 Bb7 29. a3 Bd2 30. Rxc5 Bxe3 31. Rc7+ Rd7 32. Ke2 Rxc7 33. Nxc7 Bf4 34. Nxa6 Bxa6+ 35. Kf3 Bd6 36. b4 f5 37. Rb1 Bb5 38. g3 e5 39. Rc1 Bd7 40. Ke3 Ke6 41. Rb1 g5 42. b5 f4+ 43. Kd3 Kd5 44. Ke2 Bg4+ 45. Ke1 e4 46. gxf4 gxf4 47. b6 e3 48. b7 Bb8 49. Rb3 Kc6 50. a4 Be6 0-1

[Event "WJCC U20 Open 2019"]
[Site "New Delhi"]
[Date "2019.10.17"]
[Round "4.12"]
[White "Drygalov, Sergey"]
[Black "Mendonca, Leon Luke"]
[Result "0-1"]
[ECO "B96"]
[WhiteElo "2470"]
[BlackElo "2388"]
[Annotator "ChessBase"]
[PlyCount "100"]
[EventDate "2019.10.15"]
[EventType "swiss"]
[EventCountry "IND"]
[SourceTitle "playchess.com"]
[Source "ChessBase"]
[SourceQuality "1"]
[TimeControl "40/5400+30:1800+30"]

1. e4 c5 2. Nf3 d6 3. d4 cxd4 4. Nxd4 Nf6 5. Nc3 a6 6. Bg5 e6 7. f4 h6 8. Bh4 Qb6 9. Qd2 Qb5 10. b3 Qxb3 11. Rb1 Qa3 12. Be2 Nbd7 13. O-O Qc5 14. Kh1 Be7 15. f5 e5 16. Nb3 Qc7 17. a4 b6 18. Bf2 Bb7 19. Nd5 Bxd5 20. exd5 Ne4 21. Qd3 Nc3 22. Ra1 O-O 23. Bf3 Bf6 24. Be4 Rfc8 25. Nd2 Bg5 26. Bf3 Bxd2 27. Qxd2 e4 28. Be2 Nxe2 29. Qxe2 Qxc2 30. Qe1 f6 31. Bg3 Ne5 32. Qb4 Qc5 33. Qxe4 Qc4 34. Qe3 b5 35. Rfd1 b4 36. Bxe5 dxe5 37. d6 b3 38. d7 Rd8 39. Qb6 Kh7 40. Qe6 Qb4 41. Rab1 b2 42. a5 Qb5 43. Rd2 Ra7 44. Qb6 Raxd7 45. Qxd8 Rxd8 46. Rxd8 Qb4 47. h3 Qc3 48. Kh2 Qc2 49. Rdd1 h5 50. Kg3 Qxf5 0-1

[Event "WJCC U20 Open 2019"]
[Site "New Delhi"]
[Date "2019.10.17"]
[Round "4.13"]
[White "Janik, Igor"]
[Black "Raja Rithvik R"]
[Result "0-1"]
[ECO "D37"]
[WhiteElo "2467"]
[BlackElo "2369"]
[Annotator "ChessBase"]
[PlyCount "80"]
[EventDate "2019.10.15"]
[EventType "swiss"]
[EventCountry "IND"]
[SourceTitle "playchess.com"]
[Source "ChessBase"]
[SourceQuality "1"]
[TimeControl "40/5400+30:1800+30"]

1. d4 Nf6 2. c4 e6 3. Nf3 d5 4. Nc3 Be7 5. g3 O-O 6. Bg2 dxc4 7. Ne5 Nc6 8. Bxc6 bxc6 9. Nxc6 Qe8 10. Nxe7+ Qxe7 11. Qa4 c5 12. dxc5 Qxc5 13. Be3 Qc7 14. O-O-O Bb7 15. f3 Nd5 16. Bd4 Rfd8 17. Qa3 a5 18. Nxd5 exd5 19. Qc3 f6 20. g4 a4 21. a3 Re8 22. e3 Bc6 23. g5 f5 24. h4 f4 25. h5 fxe3 26. Bxe3 Rab8 27. Qd4 Rb3 28. Bf4 Qd7 29. h6 Rxf3 30. Be5 Qf5 31. Bxg7 Re2 32. Rd2 Rxd2 33. Qxd2 Rf2 34. Qd1 Be8 35. Bd4 Bh5 36. Rxh5 Rf1 37. Rh1 Qf4+ 38. Kc2 Qe4+ 39. Kc3 Rxh1 40. Qxa4 Qe1+ 0-1

[Event "WJCC U20 Open 2019"]
[Site "New Delhi"]
[Date "2019.10.17"]
[Round "4.15"]
[White "Sankalp Gupta"]
[Black "Rahul Srivatshav P"]
[Result "1/2-1/2"]
[ECO "A48"]
[WhiteElo "2369"]
[BlackElo "2460"]
[Annotator "ChessBase"]
[PlyCount "77"]
[EventDate "2019.10.15"]
[EventType "swiss"]
[EventCountry "IND"]
[SourceTitle "playchess.com"]
[Source "ChessBase"]
[SourceQuality "1"]
[TimeControl "40/5400+30:1800+30"]

1. d4 Nf6 2. Nf3 g6 3. Bg5 Bg7 4. Nbd2 c5 5. Bxf6 Bxf6 6. Ne4 Bxd4 7. Nxd4 cxd4 8. Qxd4 O-O 9. c4 Nc6 10. Qd2 d6 11. Nc3 a6 12. e4 e5 13. Rd1 Qa5 14. h4 Nd4 15. h5 Be6 16. Qh6 Qc7 17. f4 Qe7 18. g4 b5 19. f5 b4 20. Ne2 Nf3+ 21. Kf2 Ng5 22. Ng3 Bd7 23. c5 gxf5 24. Qxd6 Qxd6 25. Rxd6 f4 26. Rxd7 fxg3+ 27. Kxg3 Nxe4+ 28. Kh4 Nxc5 29. Rd5 Ne6 30. Rxe5 h6 31. Ra5 Rfd8 32. Rxa6 Rxa6 33. Bxa6 Rd2 34. Rb1 Nc5 35. Bc4 Ne4 36. Kh3 Kg7 37. Rf1 Ng5+ 38. Kg3 Rxb2 39. Bb3 1/2-1/2

[Event "WJCC U20 Open 2019"]
[Site "New Delhi"]
[Date "2019.10.17"]
[Round "4.16"]
[White "Audi Ameya"]
[Black "Raghunandan, Kaumandur Srihari"]
[Result "1/2-1/2"]
[ECO "B06"]
[WhiteElo "2336"]
[BlackElo "2449"]
[Annotator "NA"]
[PlyCount "62"]
[EventDate "2019.10.15"]
[EventType "swiss"]
[EventCountry "IND"]
[SourceTitle "playchess.com"]
[Source "ChessBase"]
[SourceQuality "1"]
[TimeControl "40/5400+30:1800+30"]

1. e4 g6 2. d4 Bg7 3. h4 c5 4. d5 h5 5. Nf3 d6 6. Nc3 Nf6 7. Be2 O-O 8. Bf4 b5 9. Bxb5 Nxe4 10. Nxe4 Qa5+ 11. Nc3 Bxc3+ 12. bxc3 Qxb5 13. Qd3 Qa4 14. c4 Bf5 15. Qc3 Qxc2 16. Qxc2 Bxc2 17. Kd2 Bf5 18. Rhe1 e5 19. dxe6 fxe6 20. Kc3 e5 21. Bg5 Rf7 22. Rad1 Rd7 23. Nd2 Nc6 24. Ne4 Bxe4 25. Rxe4 Rb8 26. f4 Nb4 27. Rxe5 Nxa2+ 28. Kc2 Nb4+ 29. Kc3 Na2+ 30. Kc2 Nb4+ 31. Kc3 Na2+ 1/2-1/2

[Event "WJCC U20 Open 2019"]
[Site "New Delhi"]
[Date "2019.10.17"]
[Round "4.17"]
[White "Garidmagnai, Byambasuren"]
[Black "Raja Harshit"]
[Result "0-1"]
[ECO "E32"]
[WhiteElo "2327"]
[BlackElo "2440"]
[Annotator "NA"]
[PlyCount "108"]
[EventDate "2019.10.15"]
[EventType "swiss"]
[EventCountry "IND"]
[SourceTitle "playchess.com"]
[Source "ChessBase"]
[SourceQuality "1"]
[TimeControl "40/5400+30:1800+30"]

1. d4 Nf6 2. c4 e6 3. Nc3 Bb4 4. Qc2 O-O 5. a3 Bxc3+ 6. Qxc3 d5 7. Nf3 dxc4 8. Qxc4 b6 9. g3 Ba6 10. Qc2 Nbd7 11. Bg2 c5 12. O-O Rc8 13. Qd1 Qe7 14. Re1 Bb7 15. Qa4 cxd4 16. Qxd4 Nc5 17. Bg5 Nb3 18. Bxf6 Qxf6 19. Qxf6 gxf6 20. Rad1 Rfd8 21. Nd4 Rxd4 22. Rxd4 Nxd4 23. Bxb7 Rc2 24. Rd1 Rc1 25. Rxc1 Nxe2+ 26. Kf1 Nxc1 27. Ba6 Nb3 28. Ke2 Kf8 29. Bc4 Na5 30. Bd3 f5 31. Ke3 Ke7 32. Kf4 Kf6 33. Bb5 Nb3 34. Ke3 Ke5 35. Bc4 Na5 36. Ba2 Nc6 37. Bc4 Ne7 38. f4+ Kd6 39. b4 a5 40. bxa5 Kc5 41. Kd3 bxa5 42. a4 Nd5 43. Bb5 Nc7 44. Bd7 Kd6 45. Bc8 Nd5 46. Kd4 Nb6 47. Bb7 Nxa4 48. Kc4 f6 49. Kb5 Nc5 50. Bg2 a4 51. Kb4 e5 52. Bh3 e4 53. Bxf5 e3 54. Bg4 Kd5 0-1

[Event "WJCC U20 Open 2019"]
[Site "New Delhi"]
[Date "2019.10.17"]
[Round "4.18"]
[White "Murzin, Volodar"]
[Black "Miciano, John Marvin"]
[Result "1/2-1/2"]
[ECO "C42"]
[WhiteElo "2433"]
[BlackElo "2345"]
[Annotator "NA"]
[PlyCount "95"]
[EventDate "2019.10.15"]
[EventType "swiss"]
[EventCountry "IND"]
[SourceTitle "playchess.com"]
[Source "ChessBase"]
[SourceQuality "1"]
[TimeControl "40/5400+30:1800+30"]

1. e4 e5 2. Nf3 Nf6 3. Nxe5 d6 4. Nf3 Nxe4 5. d3 Nf6 $11 6. d4 Be7 7. Bd3 O-O 8. O-O Bg4 9. Nbd2 Nbd7 10. Re1 Re8 11. Nf1 c6 12. Ng3 Qb6 13. h3 Bxf3 14. Qxf3 Bf8 15. Rd1 d5 16. a4 a5 17. Bg5 h6 18. Be3 g6 19. Ne2 Bg7 20. Nf4 Nf8 21. Rdb1 Ne6 22. Nxe6 Rxe6 23. c3 Ne4 24. Bxe4 Rxe4 25. b4 axb4 26. Rxb4 Qc7 27. Rab1 Ra7 28. c4 Qd7 29. Qg3 Re8 30. c5 Kh7 31. Qd6 Qc8 32. Qg3 Kg8 33. Qf3 Qd7 34. Qd1 Kh7 35. Qb3 Re7 36. Qd3 Qc7 37. Qd2 Qc8 38. Qc2 Qc7 39. Re1 Qd7 40. Reb1 Qc7 41. R1b3 Qc8 42. Qb1 Qa8 43. Qa2 Re4 44. Rb1 Re7 45. Qc2 Qc8 46. Qd3 Qa8 47. Qc2 Qc8 48. Qd3 1/2-1/2

[Event "WJCC U20 Open 2019"]
[Site "New Delhi"]
[Date "2019.10.17"]
[Round "4.19"]
[White "Aaryan Varshney"]
[Black "Aditya Mittal"]
[Result "1-0"]
[ECO "A50"]
[WhiteElo "2239"]
[BlackElo "2430"]
[Annotator "NA"]
[PlyCount "67"]
[EventDate "2019.10.15"]
[EventType "swiss"]
[EventCountry "IND"]
[SourceTitle "playchess.com"]
[Source "ChessBase"]
[SourceQuality "1"]
[TimeControl "40/5400+30:1800+30"]

1. d4 Nf6 2. c4 b6 3. Nf3 Bb7 4. g3 g6 5. Bg2 Bg7 6. O-O O-O $11 7. Qc2 e6 8. Nc3 c5 9. dxc5 bxc5 10. Bf4 Na6 11. Bd6 Re8 12. Rfd1 Qb6 13. a3 Nd5 14. Be5 f6 15. cxd5 fxe5 16. dxe6 dxe6 17. Nd2 Bxg2 18. Kxg2 Red8 19. e3 Qb7+ 20. Kg1 Nc7 21. Nce4 Nd5 22. Nxc5 Qb6 23. Nde4 Rdc8 24. b4 a5 25. Rab1 axb4 26. axb4 Ra3 27. Qe2 h5 28. g4 Bh6 29. gxh5 Bxe3 30. fxe3 Rxe3 31. Nf6+ Nxf6 32. Qxe3 Ng4 33. Qg5 Rxc5 34. Qd8+ 1-0

[Event "WJCC U20 Open 2019"]
[Site "New Delhi"]
[Date "2019.10.17"]
[Round "4.20"]
[White "Muthaiah AL"]
[Black "Aravindh, Chithambaram VR."]
[Result "0-1"]
[ECO "A21"]
[WhiteElo "2370"]
[BlackElo "2609"]
[Annotator "RC"]
[PlyCount "114"]
[EventDate "2019.10.15"]
[EventType "swiss"]
[EventCountry "IND"]
[SourceTitle "playchess.com"]
[Source "ChessBase"]
[SourceQuality "1"]
[TimeControl "40/5400+30:1800+30"]

1. c4 e5 2. Nc3 Bb4 3. e3 Nf6 4. Nge2 O-O 5. a3 Be7 6. d4 exd4 7. Nxd4 d5 8. cxd5 Nxd5 9. Bd2 Bf6 10. Nxd5 Qxd5 11. Bc3 Re8 12. Nb5 Bxc3+ 13. Nxc3 Qg5 14. Qf3 Nc6 15. Qg3 Qe5 16. Bb5 Bd7 17. Rd1 Rad8 18. Qxe5 Nxe5 19. Bxd7 Rxd7 20. Rxd7 Nxd7 21. Ke2 Kf8 22. Rd1 Ke7 23. Rd4 Kd8 24. Re4 c6 25. Rxe8+ Kxe8 26. e4 Ke7 27. f4 f6 28. b4 Kd6 29. Kd3 a6 30. a4 b6 31. h4 Nf8 32. g3 Ne6 33. Ne2 g6 34. Nd4 Ng7 35. Ne2 b5 36. axb5 axb5 37. Nd4 Nh5 38. Ne2 f5 39. e5+ Kd5 40. Nc3+ Ke6 41. Ne2 Kd5 42. Nc3+ Ke6 43. Ne2 c5 44. bxc5 Kd5 45. c6 Kxc6 46. Kd4 Ng7 47. e6 Kd6 48. e7 Ne6+ 49. Kc3 Kxe7 50. Kb4 Kd6 51. Nc3 Nc7 52. Nd1 Kd5 53. Nf2 Kd4 54. g4 Ke3 55. gxf5 Kxf2 56. f6 Nd5+ 57. Kxb5 Nxf6 0-1